 Dungeon Crawl Stone Soup version 0.18.1-48-g4cf74bf (webtiles) character file.

68 tyranidshit the Skirmisher (level 4, -10/38 HPs)
             Began as a Demonspawn Abyssal Knight on Sept 8, 2016.
             Was a Follower of Lugonu.
             Mangled by a gnoll
             ... wielding a +0 flail
              (12 damage)
             ... on level 2 of the Dungeon.
             The game lasted 00:03:56 (1171 turns).

tyranidshit the Skirmisher (DsAK)                   Turns: 1171, Time: 00:03:56

Health: -10/38     AC:  6    Str: 13    XL:     4   Next: 1%
Magic:  0/5        EV: 11    Int: 13    God:    Lugonu [*.....]
Gold:   41         SH:  0    Dex: 13    Spells: 0 memorised, 3 levels left

rFire  . . .     SeeInvis .     a - +1 hand axe
rCold  . . .     Gourm    .     b - +0 leather armour
rNeg   . . .     Faith    .     (no shield)
rPois  +         Spirit   +     (no helmet)
rElec  .         Dismiss  .     d - +1 cloak
rCorr  .         Reflect  .     (no gloves)
SustAt .         Harm     .     (no boots)
MR     .....                    (no amulet)
Stlth  +.........               (no ring)
                                (no ring)

@: not resistant to hostile enchantments, very unstealthy
A: molten scales 1, mutation resistance 1, poison resistance, magic shield,
magic regeneration
a: Depart the Abyss, Renounce Religion


You were on level 2 of the Dungeon.
You worshipped Lugonu.
Lugonu was aware of your devotion.
You were not hungry.

You visited 1 branch of the dungeon, and saw 2 of its levels.
You visited the Abyss 1 time.

You collected 41 gold pieces.

Inventory:

Hand Weapons
 a - a +1 hand axe (weapon)
Armour
 b - a +0 leather armour (worn)
 d - a +1 cloak (worn)
Scrolls
 i - 2 scrolls of enchant weapon


   Skills:
 + Level 4.9 Fighting
 - Level 1.7 Axes
 - Level 1.7 Armour
 - Level 0.8 Dodging
 - Level 2.4 Invocations


You had 3 spell levels left.
You didn't know any spells.

Dungeon Overview and Level Annotations

Branches:
Dungeon (2/15)

Altars:


Innate Abilities, Weirdness & Mutations

You are partially covered in molten scales (AC +1).
When hurt, damage is shared between your health and your magic reserves.
You regenerate magic rapidly.
You are somewhat resistant to further mutation.
Your system is resistant to poisons.


Message History

You have reached level 4!
You feel agile.
Your demonic ancestry asserts itself...
You feel your magic shroud grow more resilient.
You hit the gnoll but do no damage. The gnoll hits you with a flail.
* * * LOW HITPOINT WARNING * * *
Unknown command.
You barely miss the gnoll. The gnoll hits you but does no damage.
You hit the gnoll.
The gnoll is lightly wounded.
The gnoll closely misses you.
You hit the gnoll.
The gnoll is moderately wounded.
The gnoll closely misses you.
You hit the gnoll.
The gnoll is severely wounded.
The gnoll barely misses you.
You hit the gnoll.
The gnoll is almost dead.
The gnoll hits you with a flail!
You die...

#.## ......
#####..###......
.....)..).......
#.....# #.!...#
#.....# #.....#
#....g# #...@.#
#..)..# #.....#
#######


You could see a gnoll.

Vanquished Creatures
  2 gnolls (D:2)
  2 oozes (D:1)
  3 dart slugs (D:1)
  2 giant geckos (D:1)
  A ball python (D:2)
  2 bats (D:1)
  2 giant cockroaches (D:1)
  4 goblins
  6 hobgoblins (D:1)
  A giant newt (D:1)
  A kobold (D:1)
  5 rats (D:1)
31 creatures vanquished.

Notes
Turn   | Place    | Note
--------------------------------------------------------------
     0 | Abyss:1  | tyranidshit the Demonspawn Abyssal Knight began the quest for the Orb.
     0 | Abyss:1  | Reached XP level 1. HP: 18/18 MP: 2/2
     2 | Abyss:1  | Found an ancient bone altar of Kikubaaqudgha.
    71 | Abyss:1  | Noticed a small abomination
    84 | Abyss:1  | Noticed a great orb of eyes
    89 | D:1      | Escaped the Abyss
   284 | D:1      | Gained mutation: When hurt, damage is shared between your health and your magic reserves. [demonic ancestry]
   284 | D:1      | Reached XP level 2. HP: 19/24 MP: 3/3
   288 | D:1      | Gained mutation: You are somewhat resistant to further mutation. [potion of mutation]
   288 | D:1      | Gained mutation: Your system is resistant to poisons. [potion of mutation]
   408 | D:1      | Reached * piety under Lugonu
   468 | D:1      | Reached skill level 4 in Fighting
   617 | D:1      | Gained mutation: You are partially covered in molten scales (AC +1). [demonic ancestry]
   617 | D:1      | Reached XP level 3. HP: 28/30 MP: 4/4
  1041 | D:2      | HP: 1/31 [gnoll (3)]
  1166 | D:2      | Gained mutation: You regenerate magic rapidly. [demonic ancestry]
  1166 | D:2      | Reached XP level 4. HP: 6/38 MP: 1/5
  1171 | D:2      | Mangled by a gnoll

Skill      XL: |  1  2 |
---------------+-------+-----
Fighting       | 4 |  4.9
Axes           | |  1.7
Armour         | |  1.7
Dodging        | |  0.8
Invocations    | |  2.4

Action                   |  1- 3 |  4- 6 || total
-------------------------+-------+-------++-------
Melee: Hand axe          |   133 |     5 ||   138
Invok: Depart the Abyss  |     1 |       ||     1
  Use: Potion            |     4 |       ||     4
       Scroll            |     4 |       ||     4
 Stab: Sleeping          |     1 |       ||     1
  Eat: Bread ration      |     1 |       ||     1
Armor: Leather armour    |    47 |     1 ||    48
Dodge: Dodged            |   107 |     3 ||   110
